 Dungeon Sprint DCSS version 0.20.0-15-g7f486f2 (console) character file.

1721 sorlin the Thaumaturge (level 8, -14/48 HPs)
             Began as a Deep Elf Fire Elementalist on July 5, 2017.
             Was a Believer of Vehumet.
             Demolished by an earth elemental (26 damage)
             ... while paralysed
             ... in the Dungeon (Sprint III: "The Ten Rune Challenge").
             The game lasted 00:09:54 (1179 turns).

sorlin the Thaumaturge (Deep Elf Fire Elementalist) Turns: 1179, Time: 00:09:54

Health: -14/48     AC:  6    Str:  5    XL:     8   Next: 75%
Magic:  26/26      EV:  2    Int: 23    God:    Vehumet [**....]
Gold:   18         SH:  0    Dex: 15    Spells: 14/32 levels left

rFire    . . .     SeeInvis .   y - +1 long sword (holy)
rCold    . . .     Gourm    .   (no shield)
rNeg     . . .     Faith    .   A - +0 robe {MR+}
rPois    .         Spirit   .   (no helmet)
rElec    .         Reflect  .   j - +1 cloak
rCorr    .         Harm     .   (no gloves)
MR       +....     NoTele   +   (no boots)
Stlth    ++........             (no amulet)
Regen    0.2/turn               (no ring)
MPRegen  0.2/turn               (no ring)

@: paralysed, berserk cooldown, slowed
A: iridescent scales 1, wild magic 1
a: Renounce Religion


You were in the Dungeon.
You worshipped Vehumet.
Vehumet was pleased with you.
You were not hungry.

You visited 1 branch You collected 18 gold pieces.


Innate Abilities, Weirdness & Mutations

You are partially covered in iridescent scales. (AC +2)
Your spells are a little harder to cast, but a little more powerful.


   Skills:
 + Level 3.9 Fighting
 + Level 6.2 Dodging
 - Level 2.4 Stealth
 + Level 12.8 Spellcasting
 + Level 12.2 Conjurations
 - Level 5.0 Translocations
 - Level 8.1 Fire Magic
 - Level 4.7 Air Magic
 - Level 5.1 Poison Magic


You had 14 spell levels left.
You knew the following spells:

 Your Spells              Type           Power        Failure   Level  Hunger
a - Flame Tongue          Conj/Fire      #####        1%          1    None
b - Blink                 Tloc           N/A          1%          2    None
d - Mephitic Cloud        Conj/Pois/Air  ######..     1%          3    None
q - Sticky Flame          Conj/Fire      ######..     1%          4    None
s - Conjure Flame         Conj/Fire      ######..     1%          3    None
w - Fireball              Conj/Fire      ######....   3%          5    ###....

Inventory:

Hand Weapons
 k - a +0 club
 m - a +2 quarterstaff of chaos
   (You took it off Crazy Yiuf in the Dungeon)
 p - a +1 scimitar of flaming
   (You took it off Erica in the Dungeon)
 y - a +1 long sword of holy wrath (weapon)
   (You took it off a deep elf mage in the Dungeon)
Armour
 a - a +0 robe
 j - a +1 cloak (worn)
 A - a +0 robe of magic resistance (worn)
   (You took it off Erica in the Dungeon)
Wands
 x - a wand of iceblast (3/15)
 B - a wand of lightning (6/15)
Scrolls
 i - a scroll of blinking
 q - a scroll of immolation {!r}
 t - 2 scrolls of torment {!r!r}
 u - 2 scrolls of remove curse
Potions
 d - a potion of curing
 e - a potion of heal wounds {!q}
 f - a potion of haste {!q}
 g - 2 potions of magic {!q}
 l - a potion of cancellation {unknown}
 n - 4 potions of mutation {!q}
 s - 2 potions of flight {unknown}
Books
 b - a book of Flames

   Spells                             Type                      Level
   a - Flame Tongue                   Conjuration/Fire             1
   b - Throw Flame                    Conjuration/Fire             2
   c - Conjure Flame                  Conjuration/Fire             3
   d - Inner Flame                    Hexes/Fire                   3
   e - Sticky Flame                   Conjuration/Fire             4
   f - Fireball                       Conjuration/Fire             5
 v - a book of Misfortune

   Spells                             Type                      Level
   a - Confusing Touch                Hexes                        1
   b - Confuse                        Hexes                        3
   c - Gell's Gravitas                Translocation                3
   d - Petrify                        Transmutation/Earth          4
   e - Metabolic Englaciation         Hexes/Ice                    5
   f - Yara's Violent Unravelling     Hexes/Transmutation          5
 w - a book of Minor Magic

   Spells                             Type                      Level
   a - Magic Dart                     Conjuration                  1
   b - Blink                          Translocation                2
   c - Call Imp                       Summoning                    2
   d - Slow                           Hexes                        2
   e - Conjure Flame                  Conjuration/Fire             3
   f - Mephitic Cloud                 Conjuration/Poison/Air       3
Miscellaneous
 o - a lightning rod (4/4) {!a}
Comestibles
 c - a bread ration {!e}
 r - 4 fruits


Message History

Unknown command.
You open the door.
An earth elemental comes into view.
There is an open door here.
The earth elemental hits you!!
You take 20 damage.
Really quaff
h - a potion of berserk rage {!q}?
A red film seems to cover your vision as you go berserk!
You feel yourself moving faster!
You feel mighty!
You hit the earth elemental.
The earth elemental is lightly damaged.
The earth elemental hits you!
* * * LOW HITPOINT WARNING * * *
You take 6 damage.
You slash the earth elemental!
The earth elemental is moderately damaged.
The earth elemental hits you!
* * * LOW HITPOINT WARNING * * *
You take 14 damage.
You hit the earth elemental.
The earth elemental is moderately damaged.
You barely miss the earth elemental.
The earth elemental is moderately damaged.
The earth elemental closely misses you.
You riposte.
You hit the earth elemental but do no damage.
The earth elemental is moderately damaged.
You slash the earth elemental!
The earth elemental is heavily damaged.
You slash the earth elemental!
The earth elemental is severely damaged.
The earth elemental closely misses you.
You riposte.
You barely miss the earth elemental.
The earth elemental is severely damaged.
You hit the earth elemental but do no damage.
The earth elemental is severely damaged.
The earth elemental hits you.
* * * LOW HITPOINT WARNING * * *
You take 5 damage.
You slash the earth elemental!
The earth elemental is severely damaged.
You slash the earth elemental!
The earth elemental is almost destroyed.
The earth elemental misses you.
You hit the earth elemental but do no damage.
The earth elemental is almost destroyed.
You are no longer berserk.
You pass out from exhaustion.
You feel yourself slow down. The earth elemental hits you!!
Ouch! That really hurt!
You die...

▒▒▒▒▒▒▒▒▒#
__▒___▒__#
..▒._.▒._#
▒'▒)▒▒▒[▒#
.........#
⌠........#
..▒▒▒▒▒▒+#
⌠.▒__▒...#+#######
..▒__▒...#..≈§§'.▒
▒▒▒__▒...#.▒†§≈▒.▒
).▒__▒...'.▒§§§▒@▒
__▒__+...#.▒§§.▒.E.▒


████████████████████ You could see an earth elemental.

Vanquished Creatures
  Erica (D)
  A deep elf mage (D)
  A shadow (D)
  A necrophage (D)
  A water elemental (D)
  A jelly (D)
  Crazy Yiuf (D)
  Jessica (D)
  A necromancer (D)
  A wizard (D)
  3 humans (D)
  A kobold demonologist (D)
  An ooze (D)
  2 rats (D)
17 creatures vanquished.

Vanquished Creatures (others)
  2 draconian scorchers (D)
  A yaktaur (D)
  6 hellions (D)
  3 plants (D)
12 creatures vanquished.

Grand Total: 29 creatures vanquished

Notes
Turn   | Place    | Note
-------+----------+-------------------------------------------
     0 | D        | sorlin the Deep Elf Fire Elementalist began the quest for the Orb.
     0 | D        | Reached XP level 1. HP: 10/10 MP: 6/6
    11 | D        | Reached skill level 3 in Conjurations
    99 | D        | Killed a hellion
   101 | D        | Killed a hellion
   106 | D        | Killed a hellion
   106 | D        | Killed a hellion
   106 | D        | Killed a hellion
   107 | D        | Killed a hellion
   138 | D        | Reached skill level 4 in Conjurations
   141 | D        | Killed a yaktaur
   144 | D        | Noticed Jessica
   162 | D        | Killed Jessica
   162 | D        | Reached skill level 5 in Conjurations
   162 | D        | Reached skill level 5 in Fire Magic
   162 | D        | Reached XP level 2. HP: 15/15 MP: 1/8
   162 | D        | Reached XP level 3. HP: 19/19 MP: 1/9
   167 | D        | Learned a level 3 spell: Conjure Flame
   196 | D        | Killed a white draconian scorcher
   253 | D        | Killed a white draconian scorcher
   373 | D        | Reached skill level 6 in Conjurations
   447 | D        | Noticed Crazy Yiuf
   469 | D        | Killed Crazy Yiuf
   469 | D        | Reached skill level 4 in Spellcasting
   469 | D        | Reached skill level 6 in Fire Magic
   469 | D        | Reached XP level 4. HP: 24/24 MP: 2/12
   499 | D        | Gained mutation: You are partially covered in iridescent scales. (AC +2) [potion of mutation]
   499 | D        | Gained mutation: Your spells are a little harder to cast, but a little more powerful. [potion of mutation]
   546 | D        | Noticed a water elemental
   549 | D        | Killed a water elemental
   549 | D        | Reached skill level 5 in Spellcasting
   549 | D        | Reached skill level 7 in Conjurations
   549 | D        | Reached skill level 7 in Fire Magic
   555 | D        | Learned a level 4 spell: Sticky Flame
   580 | D        | Found a radiant altar of Vehumet.
   580 | D        | Found a deep blue altar of Sif Muna.
   580 | D        | Found an ancient bone altar of Kikubaaqudgha.
   580 | D        | Noticed a wizard
   582 | D        | Killed a wizard
   582 | D        | Reached skill level 6 in Spellcasting
   582 | D        | Reached XP level 5. HP: 28/28 MP: 9/15
   586 | D        | Reached skill level 8 in Conjurations
   597 | D        | Learned a level 3 spell: Mephitic Cloud
   598 | D        | Became a worshipper of Vehumet
   657 | D        | Found a basalt altar of Yredelemnul.
   657 | D        | Found a shadowy altar of Dithmenos.
   657 | D        | Found a sacrificial altar of Ru.
   657 | D        | Noticed a necrophage
   663 | D        | Reached skill level 7 in Spellcasting
   663 | D        | Reached skill level 8 in Fire Magic
   667 | D        | Killed a necrophage
   667 | D        | Reached skill level 8 in Spellcasting
   667 | D        | Reached skill level 2 in Air Magic
   667 | D        | Reached skill level 2 in Poison Magic
   667 | D        | Reached XP level 6. HP: 32/32 MP: 1/19
   694 | D        | Learned a level 2 spell: Blink
   777 | D        | Found a roughly hewn altar of Beogh.
   777 | D        | Found an iron altar of Okawaru.
   777 | D        | Found a bloodstained altar of Trog.
   777 | D        | Found a hide-covered altar of Uskayaw.
   777 | D        | Noticed a human
   777 | D        | Noticed a human
   785 | D        | Killed a human
   785 | D        | Reached * piety under Vehumet
   785 | D        | Offered knowledge of Shock by Vehumet.
   785 | D        | Reached skill level 9 in Spellcasting
   785 | D        | Reached skill level 9 in Conjurations
   785 | D        | Reached skill level 3 in Air Magic
   785 | D        | Reached skill level 4 in Poison Magic
   789 | D        | Killed a human
   789 | D        | Reached skill level 10 in Conjurations
   789 | D        | Reached skill level 4 in Air Magic
   789 | D        | Reached skill level 5 in Poison Magic
   789 | D        | Reached XP level 7. HP: 36/36 MP: 2/22
   902 | D        | Found a glowing silver altar of Zin.
   902 | D        | Found a glowing golden altar of the Shining One.
   902 | D        | Found a white marble altar of Elyvilon.
   902 | D        | Noticed a deep elf mage
   904 | D        | Noticed a red devil
   910 | D        | Killed a deep elf mage
   910 | D        | Reached skill level 11 in Spellcasting
   910 | D        | Reached skill level 11 in Conjurations
   910 | D        | Reached skill level 5 in Translocations
  1015 | D        | Reached ** piety under Vehumet
  1015 | D        | Offered knowledge of Sting by Vehumet.
  1023 | D        | Noticed a shadow
  1024 | D        | Killed a shadow
  1024 | D        | Reached skill level 1 in Fighting
  1024 | D        | Reached skill level 3 in Dodging
  1024 | D        | Reached XP level 8. HP: 44/44 MP: 23/25
  1032 | D        | Found a blossoming altar of Fedhas.
  1032 | D        | Found a stormy altar of Qazlal.
  1032 | D        | Found a snail-covered altar of Cheibriados.
  1032 | D        | Found a burning altar of Makhleb.
  1032 | D        | Found a shimmering altar of Xom.
  1034 | D        | Found a hazy altar of Hepliaklqana.
  1034 | D        | Found an opulent altar of Gozag.
  1034 | D        | Found a sparkling altar of Nemelex Xobeh.
  1034 | D        | Found a corrupted altar of Lugonu.
  1034 | D        | Found a viscous altar of Jiyva.
  1063 | D        | Noticed Erica
  1075 | D        | Killed Erica
  1075 | D        | Reached skill level 3 in Fighting
  1075 | D        | Reached skill level 6 in Dodging
  1075 | D        | Reached skill level 12 in Spellcasting
  1075 | D        | Reached skill level 12 in Conjurations
  1164 | D        | Learned a level 5 spell: Fireball
  1170 | D        | HP: 20/72 [earth elemental (14)]
  1175 | D        | HP: 16/72 [earth elemental (5)]
  1179 | D        | Demolished by an earth elemental

Vault maps used:
D:        dungeon_sprint_mu

Action                   |  1- 3 |  4- 6 |  7- 9 || total
-------------------------+-------+-------+-------++-------
Melee: Long sword        |       |       |    10 ||    10
 Cast: Flame Tongue      |    23 |    19 |    16 ||    58
       Conjure Flame     |     2 |     2 |     2 ||     6
       Sticky Flame      |       |     4 |     2 ||     6
       Mephitic Cloud    |       |     2 |     3 ||     5
  Use: Potion            |       |     1 |     1 ||     2
       Scroll            |       |       |     4 ||     4
  Eat: Chunk             |       |       |     1 ||     1
       Royal jelly       |       |       |     1 ||     1
Armor: Robe              |     1 |     1 |       ||     2
Dodge: Dodged            |       |     1 |     6 ||     7
       Rpst.: Long sword |       |       |     2 ||     2
